Map: Baalpeak LE

Players

aLiEn - Winner!

  • Race: Zerg Zerg
  • Spawn Location: 5:00

Markus - Winner!

  • Race: Zerg Zerg
  • Spawn Location: 5:00

Alex - Winner!

  • Race: Protoss Protoss
  • Spawn Location: 5:00

A.I. 3 (Very Easy)

  • Race: Zerg Zerg
  • Spawn Location: 11:00

A.I. 4 (Very Easy)

  • Race: Zerg Zerg
  • Spawn Location: 11:00

A.I. 5 (Very Easy)

  • Race: Terran Terran
  • Spawn Location: 11:00

VOD

Have the link to the VOD?

Description

Time

  • Played on: Dec. 17, 2025, 3:22 p.m.
  • Length: 10:05
Show
View Real Time Build Order
Export as new Build Order

aLiEn Zerg - Winner!

Build Orders: Hatch First, Lurkers 

Get SALT Encoding   

  12  0:00  Drone  
  13  0:13  Overlord  
  13  0:17  Drone  
  14  0:32  Drone x2  
  16  0:48  Hatchery  
  15  0:52  Drone  
  15  0:55  Drone  
  17  0:58  Drone  
  18  1:15  Spawning Pool  
  18  1:16  Extractor  
  16  1:19  Drone  
  16  1:22  Drone  
  18  1:29  Drone  
  20  1:40  Drone  
  20  1:51  Overlord  
  20  1:56  Extractor  
  20  2:01  Drone x2  
  21  2:06  Queen  
  23  2:09  Queen  
  23  2:13  Drone  
  26  2:18  Drone  
  27  2:23  Drone x2  
  29  2:33  Drone x2  
  31  2:43  Lair  
  31  2:44  Drone  
  31  2:46  Drone  
  33  2:54  Overlord  
  33  2:56  Drone  
  34  3:05  Drone  
  35  3:07  Overlord  
  35  3:19  Drone x2  
  37  3:23  Drone x4  
  37  3:24  Drone x2  
  43  3:28  Drone  
  43  3:32  Drone  
  45  3:43  Spore Crawler  
  45  3:47  Evolution Chamber x2  
  42  3:49  Hydralisk Den, Drone  
  42  3:58  Drone x2  
  42  3:59  Drone x4  
  42  4:00  Drone x2  
  42  4:02  Extractor, Spore Crawler  
  48  4:03  Extractor  
  47  4:18  Zerg Ground Armor Level 1, Zerg Missile Weapons Level 1  
  47  4:19  Grooved Spines  
  47  4:23  Lurker Den  
  47  4:24  Drone x3  
  48  4:29  Overlord  
  48  4:31  Drone  
  50  4:33  Overlord  
  50  4:36  Hydralisk  
  52  4:48  Hydralisk  
  52  4:49  Hydralisk x2  
  58  4:57  Pneumatized Carapace  
  58  5:05  Hydralisk x2  
  62  5:12  Hatchery  
  62  5:13  Hydralisk  
  63  5:18  Hydralisk x2  
  63  5:20  Muscular Augments  
  67  5:27  Lurker  
  68  5:29  Overlord  
  68  5:30  Overlord  
  68  5:48  Hydralisk x6  
  80  5:53  Lurker x2  
  80  5:54  Lurker  
  80  5:55  Lurker  
  84  6:04  Extractor  
  83  6:10  Overlord x2  
  83  6:11  Overseer  
  83  6:12  Overseer  
  83  6:17  Zerg Missile Weapons Level 2  
  83  6:18  Zerg Ground Armor Level 2  
  83  6:23  Drone  
  83  6:24  Drone x3  
  87  6:29  Queen  
  87  6:31  Drone  
  90  6:35  Drone x2  
  90  6:36  Drone  
  90  6:38  Drone  
  95  6:40  Drone  
  95  6:41  Drone  
  95  6:43  Drone  
  95  6:45  Drone  
  95  6:46  Drone  
  99  6:48  Drone  
  99  6:50  Drone  
  99  6:52  Overlord  
  101  7:08  Hydralisk x2  
  101  7:11  Overlord x2  
  101  7:12  Hydralisk  
  101  7:13  Hydralisk x2  
  111  7:16  Drone  
  111  7:17  Extractor, Drone  
  111  7:18  Drone  
  111  7:20  Drone  
  114  7:23  Overlord  
  114  7:30  Hydralisk  
  114  7:31  Hydralisk x2  
  114  7:32  Hydralisk  
  122  7:39  Hydralisk, Drone x3  
  122  7:40  Hydralisk  
  129  7:44  Hydralisk  
  129  7:45  Hydralisk  
  129  7:47  Overlord  
  129  7:49  Hydralisk  
  135  7:53  Hydralisk  
  137  8:01  Overlord x2  
  137  8:08  Hydralisk x4  
  145  8:18  Hydralisk  
  147  8:20  Overlord  
  147  8:23  Hydralisk  
  147  8:24  Hydralisk  
  151  8:29  Hydralisk x2  
  155  8:41  Extractor, Hatchery  
  154  8:45  Extractor, Hydralisk x4  
  154  8:46  Hydralisk  
  162  8:50  Hydralisk x3  
  168  8:57  Hydralisk  
  168  8:58  Infestation Pit  
  168  9:00  Overlord  
  168  9:01  Overlord  
  169  9:10  Overlord x2  
  169  9:20  Hydralisk x5  
  169  9:22  Overlord  
  179  9:24  Hydralisk  
  179  9:30  Hydralisk x2  
  185  9:33  Hydralisk  
  187  9:39  Hydralisk x2  
Show
View Real Time Build Order
Export as new Build Order

Markus Zerg - Winner!

Build Orders: Pool First, Roach Hydra 

Get SALT Encoding   

  12  0:00  Drone  
  13  0:13  Overlord  
  13  0:17  Drone  
  14  0:31  Drone x2  
  14  0:33  Extractor  
  14  0:34  Drone  
  16  0:45  Drone  
  17  0:58  Spawning Pool  
  17  1:03  Drone  
  17  1:07  Drone  
  18  1:17  Drone  
  19  1:28  Overlord  
  19  1:44  Queen  
  19  1:45  Metabolic Boost  
  19  1:46  Zergling x2  
  22  1:49  Drone  
  23  2:00  Zergling x2  
  24  2:05  Hatchery  
  23  2:17  Zergling x2  
  24  2:22  Queen  
  24  2:26  Zergling x2  
  27  2:32  Overlord  
  27  2:47  Zergling x2  
  28  2:54  Zergling x2  
  28  2:55  Zergling x4  
  28  2:58  Zergling x2  
  32  3:08  Zergling x2  
  33  3:14  Extractor  
  32  3:20  Spore Crawler  
  32  3:24  Roach Warren  
  30  3:27  Evolution Chamber  
  30  3:29  Drone x4  
  33  3:39  Drone x3  
  36  3:43  Drone  
  37  3:50  Spore Crawler  
  36  3:56  Zerg Missile Weapons Level 1  
  36  4:01  Drone  
  37  4:03  Drone  
  37  4:05  Drone  
  39  4:18  Drone x4  
  39  4:22  Drone  
  44  4:29  Extractor  
  44  4:30  Extractor, Overlord  
  42  4:36  Overlord  
  42  4:39  Drone  
  43  4:45  Drone  
  43  4:48  Drone x2  
  43  4:50  Drone  
  47  4:56  Drone x2  
  47  4:58  Drone  
  47  4:59  Drone  
  51  5:01  Drone  
  51  5:04  Drone  
  51  5:06  Drone  
  54  5:23  Drone x3  
  54  5:24  Drone  
  58  5:30  Lair  
  58  5:39  Overlord x3  
  58  5:50  Zerg Ground Armor Level 1, Roach  
  60  5:57  Roach x5  
  60  5:58  Roach  
  72  6:05  Overlord  
  72  6:06  Roach  
  72  6:07  Roach x2  
  78  6:14  Roach x2  
  78  6:18  Overlord x2  
  82  6:19  Overlord  
  82  6:27  Glial Reconstitution  
  82  6:28  Pneumatized Carapace  
  82  6:32  Overlord  
  82  6:33  Roach  
  82  6:34  Roach  
  86  6:51  Roach x2  
  86  6:53  Roach  
  92  6:56  Roach  
  92  6:58  Roach  
  92  7:01  Roach  
  98  7:03  Roach  
  100  7:09  Hydralisk Den  
  100  7:10  Hatchery  
  100  7:15  Roach  
  100  7:16  Extractor x2  
  100  7:19  Drone x3  
  101  7:23  Drone  
  101  7:27  Queen  
  101  7:29  Roach  
  106  7:37  Roach x3  
  106  7:38  Roach  
  114  7:44  Drone  
  114  7:45  Drone x2  
  114  7:46  Overlord  
  114  7:50  Roach  
  119  7:52  Roach  
  119  7:54  Grooved Spines  
  121  8:01  Roach  
  123  8:07  Roach  
  123  8:08  Roach  
  123  8:09  Roach  
  129  8:21  Hydralisk x2  
  129  8:22  Hydralisk  
  135  8:32  Hydralisk  
  137  8:34  Overlord x3  
  137  8:44  Muscular Augments  
  137  8:51  Overlord x2  
  137  9:01  Evolution Chamber  
  136  9:08  Hydralisk x2  
  136  9:09  Hydralisk x2  
  144  9:10  Hydralisk  
  144  9:14  Hydralisk  
  148  9:18  Hydralisk  
  150  9:25  Hydralisk  
  150  9:26  Hydralisk  
  150  9:29  Hydralisk  
  156  9:32  Hydralisk  
  156  9:36  Hydralisk  
  160  9:40  Hydralisk  
Show
View Real Time Build Order
Export as new Build Order

Alex Protoss - Winner!

Build Orders: Phoenix Opening, Mass Phoenix 

Get SALT Encoding   

  1  0:00  Probe  
  12  0:04  Probe  
  14  0:18  Pylon  
  14  0:21  Probe  
  15  0:32  Assimilator  
  15  0:40  Gateway  
  15  0:43  Probe  
  16  0:55  Probe  
  17  1:01  Assimilator  
  17  1:03  Probe  
  17  1:11  Probe  
  19  1:25  Probe  
  20  1:30  Cybernetics Core  
  20  1:37  Probe  
  21  1:45  Forge  
  21  1:49  Probe  
  22  2:01  Probe  
  22  2:04  Pylon  
  23  2:17  Nexus  
  23  2:21  Assimilator  
  23  2:25  Probe  
  24  2:37  Stargate  
  24  2:42  Probe  
  25  2:47  Zealot  
  27  2:57  Protoss Air Weapons Level 1  
  27  3:10  Probe  
  28  3:20  Phoenix  
  30  3:27  Stalker, Stargate  
  30  3:29  Probe  
  33  3:37  Probe x2  
  35  3:45  Probe  
  35  3:47  Probe  
  35  3:49  Phoenix  
  35  3:55  Probe  
  39  3:59  Probe  
  41  4:07  Probe  
  42  4:11  Probe  
  42  4:12  Pylon  
  42  4:14  Phoenix  
  42  4:16  Assimilator  
  45  4:17  Probe  
  46  4:26  Probe  
  46  4:30  Probe  
  48  4:32  Pylon  
  48  4:35  Pylon  
  48  4:39  Phoenix  
  48  4:42  Probe  
  51  4:50  Probe  
  52  4:54  Probe  
  52  4:55  Phoenix  
  55  5:02  Probe  
  55  5:03  Protoss Air Armor Level 1  
  55  5:05  Phoenix  
  55  5:06  Stargate  
  58  5:17  Protoss Shields Level 1  
  58  5:20  Phoenix  
  60  5:35  Probe  
  61  5:39  Phoenix  
  61  5:41  Zealot  
  65  5:47  Probe  
  66  5:55  Phoenix  
  68  5:57  Nexus  
  68  5:59  Probe  
  69  6:11  Pylon  
  69  6:13  Pylon  
  69  6:14  Pylon  
  69  6:17  Pylon  
  69  6:22  Assimilator  
  69  6:28  Phoenix  
  69  6:29  Phoenix x2, Zealot  
  77  6:34  Assimilator  
  77  6:53  Phoenix x2  
  81  6:56  Zealot  
  81  6:57  Stargate  
  83  7:01  Phoenix  
  85  7:09  Probe  
  86  7:16  Probe  
  86  7:17  Probe x2  
  86  7:19  Phoenix  
  91  7:23  Zealot  
  91  7:25  Pylon  
  91  7:27  Probe  
  91  7:28  Pylon, Probe  
  91  7:29  Probe  
  96  7:30  Pylon  
  96  7:40  Probe  
  96  7:41  Probe  
  97  7:44  Fleet Beacon  
  97  7:50  Zealot  
  99  7:53  Phoenix x2  
  99  7:54  Phoenix  
  105  8:04  Phoenix  
  107  8:10  Probe  
  108  8:18  Phoenix  
  112  8:22  Probe, Phoenix  
  115  8:34  Probe  
  115  8:40  Phoenix  
  116  8:47  Phoenix x3  
  122  9:09  Phoenix  
  124  9:10  Zealot  
  124  9:12  Phoenix x3  
  132  9:34  Phoenix  
  132  9:36  Phoenix  
  132  9:37  Zealot  
  138  9:40  Pylon x2  
  138  9:42  Pylon  
  138  9:43  Pylon  
  138  9:45  Pylon  
  140  9:46  Pylon  
  140  9:48  Pylon  
Show
View Real Time Build Order
Export as new Build Order

A.I. 3 (Very Easy) Zerg 

Build Orders: Pool First 

Get SALT Encoding   

  12  0:01  Drone  
  13  0:13  Overlord  
  13  0:17  Drone  
  14  0:35  Spawning Pool  
  13  0:37  Drone  
  13  0:41  Extractor  
  13  0:44  Drone  
  14  0:52  Overlord  
  14  1:22  Zergling x2  
  14  1:24  Queen  
  17  1:33  Roach Warren  
  17  1:35  Extractor  
  17  1:38  Drone  
  16  1:46  Drone  
  17  1:47  Zergling x2  
  18  2:05  Drone  
  19  2:12  Zergling x2, Drone  
  21  2:21  Drone  
  22  2:31  Overlord  
  22  2:34  Drone  
  23  2:38  Roach  
  23  2:41  Drone  
  26  2:49  Drone  
  27  4:19  Zergling x2  
  27  7:02  Drone  
  27  7:04  Roach, Lair  
  27  7:05  Overlord  
  29  7:09  Drone  
  29  7:15  Hatchery  
  29  7:16  Drone  
  30  7:24  Drone  
  31  7:31  Drone  
  30  7:39  Drone  
  30  7:43  Roach  
  31  7:46  Drone  
  32  8:01  Overseer  
  32  8:03  Overseer  
  32  8:22  Zergling x2  
  33  8:27  Drone  
  33  8:30  Extractor  
  33  8:35  Drone  
  33  8:36  Extractor  
  23  8:43  Drone  
  21  8:48  Overlord  
  21  8:49  Overlord  
  14  8:56  Drone  
  11  9:03  Drone  
Show
View Real Time Build Order
Export as new Build Order

A.I. 4 (Very Easy) Zerg 

Build Orders: Pool First 

Get SALT Encoding   

  12  0:01  Drone  
  13  0:13  Overlord  
  13  0:17  Drone  
  14  0:38  Spawning Pool  
  14  0:40  Drone  
  14  0:41  Extractor  
  13  0:47  Drone  
  14  0:53  Overlord  
  14  1:25  Zergling x2  
  15  1:26  Queen  
  17  1:35  Roach Warren  
  17  1:36  Extractor  
  15  1:41  Drone  
  15  1:43  Zergling x2  
  17  1:48  Drone  
  18  2:02  Zergling x2  
  18  2:03  Drone  
  20  2:13  Drone  
  21  2:24  Drone  
  22  2:33  Drone  
  22  2:35  Overlord  
  23  2:40  Drone  
  24  2:48  Drone  
  25  4:17  Zergling x2  
  25  5:50  Roach, Drone  
  25  5:51  Lair  
  25  5:52  Overlord  
  28  5:58  Drone  
  29  6:05  Drone  
  30  6:12  Drone  
  31  6:19  Drone  
  29  6:26  Drone  
  29  6:32  Roach  
  32  6:48  Overseer x2  
  32  7:13  Roach  
  34  7:26  Hatchery  
  33  8:29  Zergling x2  
  30  8:42  Overlord, Overseer  
  26  8:58  Roach  
  26  9:00  Overlord  
  22  9:20  Overlord  
  9  9:32  Drone  
Show
View Real Time Build Order
Export as new Build Order

A.I. 5 (Very Easy) Terran 

Build Orders:  

Get SALT Encoding   

  12  0:01  SCV  
  13  0:13  SCV  
  14  0:18  Supply Depot  
  14  0:37  Refinery  
  14  0:42  Barracks  
  14  1:06  Supply Depot  
  14  1:15  Refinery  
  14  1:30  Marine, Orbital Command  
  15  1:56  SCV  
  16  2:08  SCV  
  17  2:19  Marine  
  17  2:20  SCV  
  19  2:32  SCV  
  20  2:38  Barracks Tech Lab  
  20  2:44  SCV  
  21  2:56  SCV  
  22  3:08  Marauder  
  24  4:21  SCV  
  24  5:10  SCV  
  24  5:53  SCV  
  24  6:53  SCV  
  25  6:54  Marine  
  25  6:55  Supply Depot  
  25  6:58  Factory  
  26  7:05  SCV  
  26  7:07  Command Center  
  27  7:17  SCV  
  27  7:20  Supply Depot  
  28  7:28  Marine  
  28  7:29  SCV  
  30  7:41  SCV  
  30  7:44  Starport  
  27  8:02  Marine  
  28  8:21  SCV  
  29  8:29  SCV  
  30  8:34  Starport Tech Lab, Refinery  
  30  8:35  Marine  
  30  8:36  Refinery  
  30  8:37  SCV  
  31  8:45  SCV  
  32  8:52  SCV  
  32  8:59  SCV  
  28  9:07  SCV  
  19  9:14  SCV  
  15  9:29  SCV  
  5  9:45  Supply Depot  
Tags
 
Add a new tag
Caveats
  • Supply blocks, unpowered buildings, or Contaminate may cause inaccurate times.
  • Supply counts are checked every 10 seconds.